 Dungeon Crawl Stone Soup version bcrawl-1.20.1-3-gdcb1fc31ed (webtiles) character file.

Game seed: 14130483340792137637

238 Freyura the Slasher (level 6, 0/49 HPs)
             Began as a Barachi Fighter on Jan 29, 2020.
             Killed by nerve-wracking pain
             ... invoked by Grinder
              (14 damage)
             ... on level 3 of the Dungeon.
             The game lasted 00:06:10 (2417 turns).

Freyura the Slasher (Barachi Fighter)               Turns: 2417, Time: 00:06:10

Health: 0/49       AC:  7    Str: 24    XL:     6   Next: 7%
Magic:  6/6        EV:  9    Int:  9    God:
Gold:   153        SH: 11    Dex: 13    Spells: 5/5 levels left

rFire    . . .     SeeInvis .   a - +0 long sword
rCold    . . .     Gourm    .   c - +0 shield
rNeg     . . .     Faith    .   b - +0 scale mail
rPois    +         Spirit   .   (no helmet)
rElec    .         Reflect  .   (no cloak)
rCorr    .         Harm     .   (no gloves)
MR       .....                  (no boots)
Stlth    ..........             (no amulet)
HPRegen  0.16/turn              m - ring of poison resistance
MPRegen  0.10/turn              s - +2 ring of strength

@: mighty, slow
A: +LOS, swims, slowness 1, strong legs 1
a: Hop


You were on level 3 of the Dungeon.
You were not hungry.

You visited 1 branch of the dungeon, and saw 3 of its levels.

You collected 153 gold pieces.

Inventory:

Hand Weapons
 a - a +0 long sword (weapon)
Armour
 b - a +0 scale mail (worn)
 c - a +0 shield (worn)
Jewellery
 m - a ring of poison resistance (left hand)
 n - an uncursed ring of wizardry
 s - a +2 ring of strength (right hand)
Wands
 o - a wand of polymorph (9)
Scrolls
 j - a scroll of amnesia
 k - a scroll of identify
 l - a scroll of remove curse
 p - a scroll of enchant armour {unknown}
 r - a scroll of fog {unknown}
Potions
 d - a potion of might
 f - a potion of mutation
 h - a potion of flight {unknown}
 i - a potion of cancellation {unknown}
 q - a potion of agility {unknown}
Comestibles
 e - 5 rations {!d}


   Skills:
 + Level 4.6 Fighting
 * Level 4.7 Long Blades
 + Level 4.5 Armour
 + Level 2.1 Dodging
 + Level 4.1 Shields


You had 5 spell levels left.
You didn't know any spells.
Your spell library was empty.

Dungeon Overview and Level Annotations

Branches:
Dungeon (3/12)

Altars:
Elyvilon
Okawaru
Sif Muna

Annotations:
D:3 Grinder, Natasha


Innate Abilities, Weirdness & Mutations

You can see and be seen from farther away.
You can swim through water.
You cover ground slowly.
You can hop short distances.


Message History

Things that are here:
a +0 whip; a kobold corpse; an adder corpse You barely miss Grinder.
You block Grinder's attack.
You barely miss Grinder. Grinder gestures at you.
You barely resist. You closely miss Grinder. Grinder gestures at you.
You suddenly lose the ability to move!
Grinder hits you!
You writhe in agony.
Grinder hits you.
* * * LOW HITPOINT WARNING * * *
You writhe in agony.
* * * LOW HITPOINT WARNING * * *
You can move again.
You feel very mighty all of a sudden.
Grinder blinks!
Grinder gestures at you. Pain shoots through your body!
You die...

######...............
#..).................
#.###................
..
..#................
#.#
#.#................ #
#.#................
#)#...............(
#.#.......%........
#.@5?....$.........
##.##...##....
...#.....#....
........_......
.......#.....#...
#.#####.##...##.... #
........ ...
..##...... .. ...
......K


You could see Grinder.

Vanquished Creatures
  A sky beast (D:2)
  Ijyb (D:3)
  A howler monkey zombie (D:3)
  3 adders
  2 oozes (D:2)
  2 worms
  A dart slug (D:1)
  4 leopard geckos
  5 orcs (D:3)
  A giant cockroach (D:3)
  3 goblins
  6 hobgoblins
  2 quokkas (D:3)
  7 bats
  2 frilled lizards (D:2)
  13 kobolds
  8 rats
62 creatures vanquished.

Notes
Turn   | Place    | Note
-------+----------+-------------------------------------------
     0 | D:1      | Freyura the Barachi Fighter began the quest for the Orb.
     0 | D:1      | Reached XP level 1. HP: 18/18 MP: 1/1
   151 | D:1      | Reached XP level 2. HP: 25/25 MP: 2/2
   767 | D:1      | Reached XP level 3. HP: 29/30 MP: 3/3
  1068 | D:2      | Noticed a sky beast
  1084 | D:2      | Killed a sky beast
  1084 | D:2      | Reached skill level 1 in Dodging
  1084 | D:2      | Reached XP level 4. HP: 29/37 MP: 4/4
  1084 | D:2      | Reached XP level 5. HP: 33/42 MP: 5/5
  1146 | D:2      | Found a white marble altar of Elyvilon.
  1608 | D:2      | Found a shimmering blue altar of Sif Muna.
  2073 | D:3      | Noticed Ijyb
  2088 | D:3      | Killed Ijyb
  2371 | D:3      | Reached XP level 6. HP: 49/49 MP: 6/6
  2381 | D:3      | Found an iron altar of Okawaru.
  2386 | D:3      | Noticed Grinder
  2388 | D:3      | Noticed Natasha
  2401 | D:3      | Paralysed by Grinder for 2 turns
  2411 | D:3      | Paralysed by Grinder for 3 turns
  2417 | D:3      | Killed from afar by Grinder

Skill      XL: |  1  2  3  4  5 |
---------------+----------------+-----
Long Blades    | 3 4 |  4.7
Fighting       | 4 |  4.6
Armour         | 4 |  4.5
Dodging        | 1 2 |  2.1
Shields        | 4 |  4.1

Action                   |  1- 3 |  4- 6 || total
-------------------------+-------+-------++-------
Melee: Long sword        |    98 |   144 ||   242
  Use: Scroll            |       |     5 ||     5
       Potion            |       |     1 ||     1
  Eat: Chunk             |     1 |     5 ||     6
Armor: Scale mail        |    50 |    74 ||   124
Dodge: Dodged            |    24 |    49 ||    73
Block: Shield            |    65 |   106 ||   171
